 Dungeon Crawl Stone Soup version 0.28.0-53-g5a82cb258f (webtiles) character file.

Game seed: 12282604219182526565

7686 jiml777 the Thaumaturge (level 11, -26/81 HPs)
             Began as a Gnoll Air Elementalist on July 21, 2022.
             Was an Initiate of Ashenzari.
             Annihilated by a boulder beetle (45 damage)
             ... on level 9 of the Dungeon.
             The game lasted 00:57:52 (12690 turns).

jiml777 the Thaumaturge (Gnoll Air Elementalist)   Turns: 12690, Time: 00:57:53

Health: -26/81     AC:  8    Str:  8    XL:     11   Next: 19%
Magic:  7/23       EV: 14    Int: 27    God:    Ashenzari [......]
Gold:   523        SH:  5    Dex: 12    Spells: 16/26 levels left

rFire   . . .      SeeInvis .   d - +4 dagger (venom)
rCold   + . .      Faith    .   J - +0 buckler
rNeg    . . .      Spirit   .   a - +0 robe
rPois   +          Reflect  .   (no helmet)
rElec   .          Harm     .   N - +2 cloak {rPois}
rCorr   .          Rampage  .   i - +1 pair of gloves of Starshine {rC+ Int+8}
Will    .....                   (no boots)
Stlth   ++++......              (no amulet)
HPRegen 0.23/turn               F - ring of Ashenzari's Liberalism {rPois, Bglg, Range} (curse)
MPRegen 0.18/turn               (no ring)

@: swift, quick
A: fangs 1, strong nose, distributed training
a: Renounce Religion, Curse Item, Shatter the Chains


You were on level 9 of the Dungeon.
You worshipped Ashenzari.
Ashenzari was noncommittal.
You visited 2 branches of the dungeon, and saw 10 of its levels.
You also visited: Sewer.

You collected 523 gold pieces.

Inventory:

Hand Weapons
 d - a +4 dagger of venom (weapon)
 v - a +1 dagger of electrocution
 A - a +0 vampiric dagger
 B - a +0 vorpal rapier
 C - a +1 dagger of holy wrath
 D - a +0 mace of protection
 O - a +3 quarterstaff of chaos
Missiles
 c - 101 bolts
 e - 181 stones
 h - 34 arrows
 n - 4 poisoned darts
 o - 75 sling bullets
 s - 2 boomerangs of dispersal
 t - 2 curare-tipped darts
Armour
 a - a +0 robe (worn)
 g - a +0 leather armour
 i - the +1 pair of gloves of Starshine (worn) {rC+ Int+8}
   (You acquired it on level 3 of the Dungeon)

   Int:       It affects your intelligence (+8).
   rC:        It protects you from cold.
 r - an orb of light
 J - a +0 buckler (worn)
 N - a +2 cloak of poison resistance (worn)
Jewellery
 F - the cursed ring of Ashenzari's Liberalism (left hand) {rPois, Bglg, Range}
   (You found it on level 5 of the Dungeon)

   [ring of poison resistance]

   rPois:     It protects you from poison.
   It has a curse which improves the following skills: Beguiling: Conjurations,
   Hexes and Translocations.
   Ranged Combat: Slings, Bows, Crossbows and Throwing.
Wands
 m - a wand of charming (13)
 M - a wand of polymorph (2)
Scrolls
 l - 2 scrolls of silence
 p - a scroll of fog
 y - a scroll of torment
 G - 2 scrolls of fear
Potions
 b - 2 potions of might
 f - a potion of curing
 j - a potion of brilliance
 k - a potion of resistance
 q - a potion of mutation
 u - a potion of haste {unknown}
 x - a potion of heal wounds
 z - a potion of ambrosia {unknown}
 I - a potion of magic {unknown}
 L - a potion of lignification {unknown}


   Skills:
 + Level 6.3 Fighting
 + Level 6.3 Short Blades
 + Level 6.3 Long Blades
 + Level 6.3 Axes
 + Level 6.3 Maces & Flails
 + Level 6.3 Polearms
 + Level 6.3 Staves
 + Level 6.3(6.7) Slings
 + Level 6.3(6.7) Bows
 + Level 6.3(6.7) Crossbows
 + Level 6.3(6.7) Throwing
 + Level 6.3 Armour
 + Level 7.9 Dodging
 + Level 7.6 Stealth
 + Level 6.3 Shields
 + Level 6.3 Unarmed Combat
 + Level 8.1 Spellcasting
 + Level 5.7(6.1) Conjurations
 + Level 5.2(5.6) Hexes
 + Level 5.2 Summonings
 + Level 5.2 Necromancy
 + Level 5.2(5.6) Translocations
 + Level 5.2 Transmutations
 + Level 5.2 Fire Magic
 + Level 5.2 Ice Magic
 + Level 7.6 Air Magic
 + Level 5.2 Earth Magic
 + Level 5.2 Poison Magic
 + Level 6.9 Invocations
 + Level 6.3 Evocations


You had 16 spell levels left.
You knew the following spells:

 Your Spells              Type           Power      Damage    Failure   Level
a - Shock                 Conj/Air       100%       1d9       1%          1
b - Static Discharge      Conj/Air       48%        N/A       1%          2
c - Swiftness             Air            51%        N/A       1%          3
d - Airstrike             Air            25%        N/A       2%          4

Your spell library contained the following spells:

 Spells                   Type           Power      Damage    Failure   Level
 Animate Skeleton         Necr           78%        N/A       1%          1
 Magic Dart               Conj           100%       1d8       1%          1
 Pain                     Necr           100%       1d9       1%          1
 Corpse Rot               Necr/Air       90%        N/A       1%          2
 Poisonous Vapours        Pois/Air       90%        N/A       1%          2
 Searing Ray              Conj           88%        2d7       1%          2
 Conjure Flame            Conj/Fire      41%        6-21      1%          3
 Ignite Poison            Fire/Tmut/Pois 39%        N/A       2%          3
 Vampiric Draining        Necr           39%        2d8       2%          3
 Fulminant Prism          Conj/Hex       21%        3d13      6%          4
 Sticky Flame             Conj/Fire      41%        2d6       6%          4
 Malign Gateway           Summ/Tloc      20%        N/A       99%         7
 Summon Horrible Things   Summ           19%        N/A       100%        8


Dungeon Overview and Level Annotations

Branches:
Dungeon (9/15)             Temple (1/1) D:6           Sewer (visited)
   Lair: D:8-11         Orc: D:9-12

Altars:
Ashenzari
Cheibriados
Dithmenos
Elyvilon
Fedhas
Gozag
Hepliaklqana
Kikubaaqudgha
Makhleb
Nemelex Xobeh
Okawaru
Qazlal
Ru
Sif Muna
Trog
Uskayaw
Vehumet
Wu Jian
Xom
Yredelemnul
Zin
The Shining One


Innate Abilities, Weirdness & Mutations

You have very sharp teeth.
Your uncanny sense of smell can sniff out nearby items.
Your experience applies equally to all skills.


Message History

The boulder beetle is lightly wounded.
The zap hits the boulder beetle but does no damage.
The boulder beetle is lightly wounded.
The boulder beetle curls into a ball and begins rolling!
Casting: Shock (safe; 1% risk of failure)
Confirm with . or Enter, or press ? or * to list all spells.
Aiming: Airstrike (dangerous; 2% risk of failure)
Press: ? - help, Dir - move target, f - boulder beetle
Aim: a boulder beetle (rolling, empty space bonus: 4/8)
The air twists around and strikes the boulder beetle!
The boulder beetle is lightly wounded.
You block the boulder beetle's attack.
The boulder beetle stops rolling and uncurls.
Casting: Airstrike (dangerous; 2% risk of failure)
Confirm with . or Enter, or press ? or * to list all spells.
Aiming: Airstrike (dangerous; 2% risk of failure)
Press: ? - help, Dir - move target, f/p - boulder beetle
Aim: a boulder beetle (lightly wounded, empty space bonus: 3/8)
The air twists around and strikes the boulder beetle but does no damage.
The boulder beetle leaps!
Casting: Airstrike (dangerous; 2% risk of failure)
Confirm with . or Enter, or press ? or * to list all spells.
Aiming: Shock (safe; 1% risk of failure)
Press: ? - help, Shift-Dir - straight line, p - boulder beetle The zap hits the boulder beetle.
The boulder beetle is lightly wounded.
The zap hits the boulder beetle.
The boulder beetle is lightly wounded.
Casting: Shock (safe; 1% risk of failure)
Confirm with . or Enter, or press ? or * to list all spells.
Aiming: Shock (safe; 1% risk of failure)
Press: ? - help, Shift-Dir - straight line The zap hits the boulder beetle but does no damage.
The boulder beetle is lightly wounded.
The zap hits the boulder beetle but does no damage.
The boulder beetle is lightly wounded.
The boulder beetle curls into a ball and begins rolling!
The boulder beetle hits you!!!
Ouch! That really hurt!
You die...

#.............
#B####.#..##.#
#)# #.# .#
#B####). ..
#....###. .#
#.##∆ #####.##
.. # #.#..
#......# ..
#.#.##
#°###..# ...
..... #°###@.#
... ....
#B#.B..# #.#B
#.#○##.# #.#.
#○#°##.# #..>
#.°....# ##.##
###.####
##...# #.#
#..... #.#
##..)# #.#####
##...


You could see a boulder beetle (rolling).

Vanquished Creatures
  An ugly thing (D:9)
  An unseen horror (D:8)
  A hornet (D:8)
  Prince Ribbit (D:8)
  4 vampire mosquitoes (D:7)
  Edmund (D:6)
  An acid dragon (D:8)
  A water moccasin (D:5)
  2 black bears
  2 orc warriors
  An ice beast (D:6)
  3 necrophages
  A centaur (D:5)
  A phantom (D:7)
  2 kobold brigands (Sewer)
  4 scorpions
  The ghost of turdburglar the Skirmisher, a weakling DsMo of Yredelemnul (D:3)
  2 bullfrog skeletons
  An orc priest (D:8)
  Crazy Yiuf (D:5)
  A centaur skeleton (D:7)
  3 hounds
  2 gnoll shamans
  6 iguanas
  Terence (D:3)
  5 orc wizards
  A killer bee zombie (D:6)
  9 gnolls
  10 adders
  4 river rats (Sewer)
  A shadow imp (D:5)
  2 white imps
  An adder zombie (D:5)
  2 dart slugs
  23 orcs
  10 ball pythons
  4 endoplasms
  10 goblins
  12 hobgoblins
  5 jackals (Sewer)
  6 kobolds
  3 quokkas
  5 bats
  7 frilled lizards
  7 rats
172 creatures vanquished.

Vanquished Creatures (others)
  43 fungi (D:9)
  82 plants
125 creatures vanquished.

Grand Total: 297 creatures vanquished

Notes
Turn   | Place    | Note
-------+----------+-------------------------------------------
     0 | D:1      | jiml777 the Gnoll Air Elementalist began the quest for the
                  | Orb.
     0 | D:1      | Reached XP level 1. HP: 13/13 MP: 6/6
   203 | D:1      | Reached XP level 2. HP: 17/19 MP: 7/7
   628 | D:1      | Reached XP level 3. HP: 12/25 MP: 9/9
   794 | D:1      | Reached skill level 5 in Spellcasting
  1743 | D:2      | Found an ornate altar of the Wu Jian Council.
  1815 | D:2      | Reached skill level 1 in Invocations
  2308 | D:2      | Reached skill level 1 in Fighting
  2308 | D:2      | Reached skill level 1 in Short Blades
  2308 | D:2      | Reached skill level 1 in Long Blades
  2308 | D:2      | Reached skill level 1 in Axes
  2308 | D:2      | Reached skill level 1 in Maces & Flails
  2308 | D:2      | Reached skill level 1 in Polearms
  2308 | D:2      | Reached skill level 1 in Staves
  2308 | D:2      | Reached skill level 1 in Slings
  2308 | D:2      | Reached skill level 1 in Bows
  2308 | D:2      | Reached skill level 1 in Crossbows
  2308 | D:2      | Reached skill level 1 in Throwing
  2308 | D:2      | Reached skill level 1 in Armour
  2308 | D:2      | Reached skill level 1 in Shields
  2308 | D:2      | Reached skill level 1 in Unarmed Combat
  2308 | D:2      | Reached skill level 1 in Evocations
  2313 | D:2      | Reached XP level 4. HP: 26/32 MP: 11/11
  2775 | D:3      | Identified a scroll of acquirement
  2775 | D:3      | Acquired the +1 pair of gloves of Starshine {rC+ Int+8}
  2863 | D:3      | Reached skill level 1 in Hexes
  2863 | D:3      | Reached skill level 1 in Summonings
  2863 | D:3      | Reached skill level 1 in Necromancy
  2863 | D:3      | Reached skill level 1 in Translocations
  2863 | D:3      | Reached skill level 1 in Transmutations
  2863 | D:3      | Reached skill level 1 in Fire Magic
  2863 | D:3      | Reached skill level 1 in Ice Magic
  2863 | D:3      | Reached skill level 1 in Earth Magic
  2863 | D:3      | Reached skill level 1 in Poison Magic
  3187 | D:3      | Noticed Terence
  3190 | D:3      | Killed Terence
  3191 | D:3      | Reached XP level 5. HP: 35/37 MP: 8/12
  3358 | D:3      | Found a glowing golden altar of the Shining One.
  3500 | D:3      | Found a glowing drain.
  3519 | Sewer    | Entered a sewer
  3794 | Sewer    | Noticed a kobold brigand
  3805 | Sewer    | Killed a kobold brigand
  3806 | Sewer    | Reached XP level 6. HP: 41/44 MP: 7/14
  4114 | Sewer    | Reached skill level 5 in Dodging
  4935 | D:3      | Noticed a necrophage
  4962 | D:3      | Killed a necrophage
  4963 | D:3      | Reached XP level 7. HP: 37/51 MP: 10/15
  5075 | D:3      | Found a runed translucent door.
  5075 | D:3      | Noticed turdburglar's ghost (weakling DsMo)
  5114 | D:3      | Killed turdburglar's ghost
  5947 | D:4      | Reached skill level 5 in Stealth
  7142 | D:4      | Reached XP level 8. HP: 57/57 MP: 16/16
  7280 | D:5      | Entered Level 5 of the Dungeon
  7439 | D:5      | Reached skill level 6 in Spellcasting
  8312 | D:5      | Found a runed translucent door.
  8313 | D:5      | Noticed Crazy Yiuf
  8321 | D:5      | Killed Crazy Yiuf
  8709 | D:6      | Learned a level 2 spell: Static Discharge
  8713 | D:6      | Learned a level 3 spell: Swiftness
  8718 | D:6      | Learned a level 4 spell: Airstrike
  8986 | D:6      | Found a staircase to the Ecumenical Temple.
  8995 | Temple   | Entered the Ecumenical Temple
  9278 | Temple   | Became a worshipper of Ashenzari the Shackled
  9524 | D:6      | Reached XP level 9. HP: 55/65 MP: 18/18
  9701 | D:6      | Noticed Edmund
  9717 | D:6      | Killed Edmund
 11156 | D:8      | Noticed Prince Ribbit
 11189 | D:8      | Killed Prince Ribbit
 11436 | D:8      | Noticed a hornet
 11455 | D:8      | Reached skill level 5 in Invocations
 11457 | D:8      | Killed a hornet
 12029 | D:8      | Reached skill level 7 in Spellcasting
 12042 | D:8      | Killed an unseen horror
 12043 | D:8      | Reached XP level 10. HP: 49/73 MP: 14/20
 12058 | D:8      | Reached skill level 5 in Fighting
 12058 | D:8      | Reached skill level 5 in Short Blades
 12058 | D:8      | Reached skill level 5 in Long Blades
 12058 | D:8      | Reached skill level 5 in Axes
 12058 | D:8      | Reached skill level 5 in Maces & Flails
 12058 | D:8      | Reached skill level 5 in Polearms
 12058 | D:8      | Reached skill level 5 in Staves
 12058 | D:8      | Reached skill level 5 in Slings
 12058 | D:8      | Reached skill level 5 in Bows
 12058 | D:8      | Reached skill level 5 in Crossbows
 12058 | D:8      | Reached skill level 5 in Throwing
 12058 | D:8      | Reached skill level 5 in Armour
 12058 | D:8      | Reached skill level 5 in Shields
 12058 | D:8      | Reached skill level 5 in Unarmed Combat
 12058 | D:8      | Reached skill level 5 in Evocations
 12358 | D:8      | Reached skill level 8 in Spellcasting
 12358 | D:8      | Reached skill level 5 in Conjurations
 12358 | D:8      | Reached skill level 5 in Hexes
 12358 | D:8      | Reached skill level 5 in Summonings
 12358 | D:8      | Reached skill level 5 in Necromancy
 12358 | D:8      | Reached skill level 5 in Translocations
 12358 | D:8      | Reached skill level 5 in Transmutations
 12358 | D:8      | Reached skill level 5 in Fire Magic
 12358 | D:8      | Reached skill level 5 in Ice Magic
 12358 | D:8      | Reached skill level 5 in Earth Magic
 12358 | D:8      | Reached skill level 5 in Poison Magic
 12358 | D:8      | Reached XP level 11. HP: 81/81 MP: 20/23
 12418 | D:9      | Noticed a purple ugly thing
 12436 | D:9      | Killed a purple ugly thing
 12582 | D:9      | Noticed a boulder beetle
 12690 | D:9      | Annihilated by a boulder beetle

Illustrated notes

Levels and vault maps discovered:
D:1:      matt_arrival_spirals, layout_rooms,
          nicolae_concentric_dashed_squares_mild
D:2:      minmay_chambers_of_twos, layout_loops_ring, basic_altar
D:3:      kennysheep_six_static_rooms, layout_basic,
          mainiacjoe_overflow_chevrons, cheibrodos_sewer_entry_drain,
          hellmonk_ghost_happy_afterlife, uniq_terence
D:4:      layout_basic, serial_forest, infiniplex_forest_lined_2,
          infiniplex_forest_clump_tiny, infiniplex_forest_lined_2,
          infiniplex_forest_end_1, infiniplex_forest_lined_room_3,
          infiniplex_forest_lined_3_way, infiniplex_forest_lined_corner
D:5:      layout_loops_cross, uniq_crazy_yiuf_cottage
D:6:      layout_basic, minmay_temple_entry_nine_rooms, uniq_edmund
D:7:      layout_loops_ring
D:8:      layout_basic, uniq_prince_ribbit1
D:9:      layout_loops_cross, due_lair_maze_entry_diamond, erik_orc_1,
          uniq_harold
Temple:   mainiacjoe_temple_hex_bubbles

Skill      XL: |  1  2  3  4  5  6  7  8  9 10 |
---------------+-------------------------------+-----
Conjurations   | 2 3 4 5 |  5.7
Spellcasting   | 5 6 7 8 |  8.1
Invocations    | 1 2 3 4 5 6 |  6.9
Fighting       | 1 2 3 4 6 |  6.3
Short Blades   | 1 2 3 4 6 |  6.3
Long Blades    | 1 2 3 4 6 |  6.3
Axes           | 1 2 3 4 6 |  6.3
Maces & Flails | 1 2 3 4 6 |  6.3
Polearms       | 1 2 3 4 6 |  6.3
Staves         | 1 2 3 4 6 |  6.3
Slings         | 1 2 3 4 6 |  6.3
Bows           | 1 2 3 4 6 |  6.3
Crossbows      | 1 2 3 4 6 |  6.3
Throwing       | 1 2 3 4 6 |  6.3
Armour         | 1 2 3 4 6 |  6.3
Shields        | 1 2 3 4 6 |  6.3
Unarmed Combat | 1 2 3 4 6 |  6.3
Evocations     | 1 2 3 4 6 |  6.3
Hexes          | 1 2 3 4 5 |  5.2
Summonings     | 1 2 3 4 5 |  5.2
Necromancy     | 1 2 3 4 5 |  5.2
Translocations | 1 2 3 4 5 |  5.2
Transmutations | 1 2 3 4 5 |  5.2
Fire Magic     | 1 2 3 4 5 |  5.2
Ice Magic      | 1 2 3 4 5 |  5.2
Earth Magic    | 1 2 3 4 5 |  5.2
Poison Magic   | 1 2 3 4 5 |  5.2
Dodging        | 5 6 7 |  7.9
Stealth        | 5 6 7 |  7.6
Air Magic      | 6 7 |  7.6

Action                   |  1- 3 |  4- 6 |  7- 9 | 10-12 || total
-------------------------+-------+-------+-------+-------++-------
Melee: Dagger            |    94 |   209 |   205 |    20 ||   528
       Bite              |    12 |    21 |    24 |     2 ||    59
       Punch             |     1 |     4 |       |       ||     5
 Cast: Shock             |    11 |    40 |   117 |    19 ||   187
       Swiftness         |       |       |     1 |     2 ||     3
       Airstrike         |       |       |       |     6 ||     6
Invok: Curse Item        |       |       |       |     1 ||     1
  Use: Scroll            |       |     4 |    16 |       ||    20
       Potion            |       |       |     7 |     1 ||     8
 Stab: Sleeping          |     3 |     7 |     4 |       ||    14
       Distracted        |     1 |       |       |       ||     1
Armor: Robe              |    11 |    54 |    67 |     4 ||   136
Dodge: Dodged            |    55 |   164 |   175 |    15 ||   409
Block: Buckler           |       |       |    43 |     6 ||    49
